 Dungeon Crawl Stone Soup version 0.20-a0-830-g2c9a30d (webtiles) character file.

149 Laan the Poker (level 5, 0/41 HPs)
             Began as a Demonspawn Fighter on Mar 7, 2017.
             Was an Initiate of Trog.
             Killed by nerve-wracking pain
             ... invoked by Grinder
              (13 damage)
             ... on level 3 of the Dungeon.
             The game lasted 00:04:17 (2482 turns).

Laan the Poker (Demonspawn Fighter)                 Turns: 2482, Time: 00:04:18

Health: 0/41       AC:  8    Str: 22    XL:     5   Next: 9%
Magic:  5/5        EV:  7    Int: 12    God:    Trog [......]
Gold:   153        SH:  9    Dex: 12    Spells: 4/4 levels left

rFire    + . .     SeeInvis .   a - +0 trident
rCold    . . .     Gourm    .   b - +0 scale mail
rNeg     . . .     Faith    .   c - +0 shield
rPois    .         Spirit   .   (no helmet)
rElec    .         Reflect  .   t - +0 cloak
rCorr    .         Harm     .   j - +0 pair of gloves
MR       .....                  (no boots)
Stlth    ++........             (no amulet)
Regen    0.2/turn               p - ring of protection from fire
MPRegen  0.1/turn               n - +2 ring of intelligence

@: mighty
A: nightstalker 2
a: Burn Spellbooks, Renounce Religion


You were on level 3 of the Dungeon.
You worshipped Trog.
Trog was noncommittal.
You were not hungry.

You visited 1 branch of the dungeon, and saw 3 of its levels.

You collected 153 gold pieces.

Inventory:

Hand Weapons
 a - a +0 trident (weapon)
Armour
 b - a +0 scale mail (worn)
 c - a +0 shield (worn)
 j - a +0 pair of gloves (worn)
 t - a +0 cloak (worn)
Jewellery
 n - a +2 ring of intelligence (left hand)
 o - an uncursed amulet of guardian spirit {unknown}
 p - a ring of protection from fire (right hand)
Wands
 r - a wand of paralysis (15/24)
Scrolls
 g - 2 scrolls of magic mapping {unknown}
 h - 2 scrolls of teleportation
 l - 8 scrolls of identify {unknown}
 u - 2 scrolls of remove curse {unknown}
 v - a scroll of blinking {unknown}
 w - a scroll of fog {unknown}
Potions
 d - 2 potions of might
 e - a potion of berserk rage {unknown}
 i - a potion of curing
 k - a potion of agility {unknown}
 m - a potion of magic {unknown}
Comestibles
 f - 2 bread rations
 s - a royal jelly


   Skills:
 - Level 3.0 Fighting
 + Level 4.8 Polearms
 - Level 2.6 Armour
 - Level 2.6 Shields


You had 4 spell levels left.
You didn't know any spells.

Dungeon Overview and Level Annotations

Branches:
Dungeon (3/15)

Altars:
Nemelex Xobeh
Okawaru
Trog

Annotations:
D:3 Grinder


Innate Abilities, Weirdness & Mutations

You are significantly more attuned to the shadows.


Message History

Attack whom?
Press: ? - help, Dir - move target cursor, f - Grinder
Aim: Grinder (heavily wounded)
You reach to attack!
You barely miss Grinder.
Grinder is heavily wounded.
You closely miss Grinder.
Grinder is heavily wounded.
Grinder gestures at you.
You barely resist. You hit Grinder.
Grinder is severely wounded.
Grinder hits you.
You completely miss Grinder.
Grinder is severely wounded.
You block Grinder's attack.
You barely miss Grinder.
Grinder is severely wounded.
Grinder gestures at you. Pain shoots through your body!
You die...

###
################.#
#................###
#.##############.#..
#.# #.#.# #.# #.#.#
#.##.####### ##
#.#.. ......5@.....
...#.#..
##.##.#######
###.#.#.. .. #.#
......... . #.#
###.#.#.. #.#
......... #.
###.#.#.. #.##
#####.#.#.. #...
....#.#.#.# ##..#
.......#.#


You could see Grinder.

Vanquished Creatures
  Natasha (twice) (D:2)
  2 adders (D:2)
  2 oozes
  A worm (D:2)
  2 dart slugs (D:1)
  A ball python (D:1)
  9 bats
  3 giant cockroaches
  10 hobgoblins
  5 jackals (D:2)
  3 frilled lizards
  9 goblins
  8 kobolds
  7 rats
64 creatures vanquished.

Notes
Turn   | Place    | Note
-------+----------+-------------------------------------------
     0 | D:1      | Laan the Demonspawn Fighter began the quest for the Orb.
     0 | D:1      | Reached XP level 1. HP: 18/18 MP: 1/1
    24 | D:1      | Reached skill level 2 in Polearms
   166 | D:1      | Gained mutation: You are slightly more attuned to the shadows. [demonic ancestry]
   166 | D:1      | Reached XP level 2. HP: 24/24 MP: 2/2
   291 | D:1      | Reached skill level 3 in Polearms
   395 | D:1      | Reached XP level 3. HP: 29/29 MP: 3/3
   725 | D:2      | Found a sparkling altar of Nemelex Xobeh.
   755 | D:2      | Found a bloodstained altar of Trog.
   943 | D:2      | Became a worshipper of Trog the Wrathful
  1108 | D:2      | Gained mutation: You are significantly more attuned to the shadows. [demonic ancestry]
  1108 | D:2      | Reached XP level 4. HP: 30/35 MP: 4/4
  1197 | D:2      | Found a faded altar of an unknown god.
  1203 | D:2      | Noticed Natasha
  1224 | D:2      | Reached skill level 4 in Polearms
  1226 | D:2      | Killed Natasha
  1236 | D:2      | Noticed Natasha
  1637 | D:2      | Killed Natasha
  1873 | D:2      | Reached XP level 5. HP: 41/41 MP: 5/5
  2408 | D:3      | Found an iron altar of Okawaru.
  2466 | D:3      | Noticed Grinder
  2469 | D:3      | Paralysed by Grinder for 4 turns
  2482 | D:3      | Killed from afar by Grinder

Vault maps used:
D:1:      elethiomel_arrival_quiet
D:2:      nemelex_xobeh_ov_fountains_minmay, lemuel_round_altar,
          chequers_ecumenical_altar_simple, first_bread, uniq_natasha
D:3:      lemuel_round_altar, uniq_grinder

Skill      XL: |  1  2  3  4 |
---------------+-------------+-----
Polearms       | 2 3 4 |  4.8
Fighting       | |  3.0
Armour         | |  2.6
Shields        | |  2.6

Action                   |  1- 3 |  4- 6 || total
-------------------------+-------+-------++-------
Melee: Trident           |   155 |    85 ||   240
  Use: Scroll            |     1 |     1 ||     2
       Potion            |       |     2 ||     2
 Stab: Sleeping          |       |     5 ||     5
  Eat: Chunk             |     1 |     4 ||     5
Armor: Scale mail        |    58 |    28 ||    86
Dodge: Dodged            |    26 |    20 ||    46
Block: Shield            |    61 |    36 ||    97
